 Dungeon Crawl Stone Soup version 0.28-a0-105-g49a0850c41 (webtiles) character file.

Game seed: 11909879843508180975

4445 pokeman the Thaumaturge (level 10, -3/59 HPs)
             Began as a Deep Elf Hedge Wizard on Aug 11, 2021.
             Was an Initiate of Vehumet.
             Splashed by an acid dragon's acid (14 damage)
             ... on level 8 of the Dungeon.
             The game lasted 00:20:07 (10363 turns).

pokeman the Thaumaturge (Deep Elf Hedge Wizard)    Turns: 10363, Time: 00:20:07

Health: -3/59      AC:  5    Str:  7    XL:     10   Next: 15%
Magic:  16/29      EV: 12    Int: 23    God:    Vehumet [......]
Gold:   318        SH:  5    Dex: 14    Spells: 18/36 levels left

rFire   + . .      SeeInvis +   d - +1 dagger (venom)
rCold   x . .      Faith    .   (no shield)
rNeg    . . .      Spirit   .   l - +0 leather armour
rPois   .          Reflect  +   c - +0 hat
rElec   .          Harm     .   t - +0 cloak
rCorr   .          Rampage  .   h - +0 pair of gloves
Will    +....                   (no boots)
Stlth   ++........              f - amulet of reflection
HPRegen 0.19/turn               i - ring of see invisible
MPRegen 0.21/turn               p - ring of fire

@: no status effects
A: no striking features
a: Renounce Religion


You were on level 8 of the Dungeon.
You worshipped Vehumet.
Vehumet was noncommittal.
You visited 2 branches of the dungeon, and saw 9 of its levels.

You collected 332 gold pieces.
You spent 14 gold pieces at shops.

Inventory:

Hand Weapons
 d - a +1 dagger of venom (weapon)
 s - a +4 quarterstaff of chaos
 C - a +0 shortbow
Missiles
 j - 81 arrows
 r - a throwing net
Armour
 c - a +0 hat (worn)
 h - a +0 pair of gloves (worn)
 l - a +0 leather armour (worn)
 t - a +0 cloak (worn)
Magical Staves
 b - a staff of fire
Jewellery
 f - an amulet of reflection (around neck)
 i - a ring of see invisible (left hand)
 p - a ring of fire (right hand)
 v - an amulet of the acrobat
 E - the amulet "Luujailia" {Acrobat Dex+3}
   (You took it off an orc on level 7 of the Dungeon)

   [amulet of the acrobat]

   It increases your evasion while moving and waiting.
   Dex:       It affects your dexterity (+3).
Scrolls
 a - 6 scrolls of identify {unknown}
 e - 4 scrolls of teleportation {unknown}
 k - a scroll of silence {unknown}
 m - a scroll of immolation {unknown}
 o - a scroll of magic mapping {unknown}
 q - 2 scrolls of amnesia {unknown}
 u - a scroll of blinking {unknown}
 x - a scroll of torment {unknown}
 y - a scroll of acquirement {unknown}
 F - a scroll of enchant weapon {unknown}
Potions
 g - 2 potions of haste {unknown}
 n - a potion of resistance {unknown}
 w - 3 potions of brilliance {unknown}
 z - 2 potions of flight {unknown}
 A - a potion of ambrosia {unknown}
 B - a potion of curing {unknown}
 D - a potion of berserk rage {unknown}


   Skills:
 - Level 5.0 Fighting
 + Level 2.3 Armour
 - Level 3.0 Dodging
 - Level 3.1 Stealth
 * Level 13.5 Spellcasting
 + Level 8.0 Conjurations
 - Level 1.1 Summonings
 - Level 1.1 Translocations
 - Level 1.0 Fire Magic
 - Level 1.1 Air Magic
 - Level 1.0 Poison Magic
 - Level 1.0 Evocations


You had 18 spell levels left.
You knew the following spells:

 Your Spells              Type           Power      Damage    Failure   Level
a - Magic Dart            Conj           100%       1d8       1%          1
b - Mephitic Cloud        Conj/Pois/Air  31%        N/A       4%          3
c - Call Imp              Summ           20%        N/A       5%          2
d - Blink                 Tloc           N/A        N/A       5%          2
e - Conjure Flame         Conj/Fire      53%        6-21      2%          3
f - Orb of Destruction    Conj           25%        9d10      88%         7

Your spell library contained the following spells:

 Spells                   Type           Power      Damage    Failure   Level
 Slow                     Hex            15%        N/A       9%          2
 Summon Guardian Golem    Hex/Summ       18%        N/A       14%         3
 Spellforged Servitor     Conj/Summ      18%        N/A       100%        7


Dungeon Overview and Level Annotations

Branches:
Dungeon (8/15)             Temple (1/1) D:7
   Lair: D:8-11

Altars:
Ashenzari
Gozag
Hepliaklqana
Kikubaaqudgha
Okawaru
Sif Muna
Uskayaw
Vehumet
Wu Jian
The Shining One

Shops:
D:3 !   D:4 =

Annotations:
D:8 Grum


Message History

You kill the orc priest!
Vehumet accepts your kill.
The hornet zombie hits you but does no damage.
Your Conjurations skill increases to level 8!
Unknown command.
Unknown command.
The orc wizard is engulfed in blazing flames.
There is a stone staircase leading up here.
Unknown command.
Unknown command.
You hit the orc wizard but do no damage.
The orc wizard is severely wounded.
The acid dragon bites you but does no damage.
The acid dragon barely misses you.
The hornet zombie is engulfed in blazing flames.
The hornet zombie barely misses you.
The orc wizard is engulfed in blazing flames.
You kill the orc wizard!
Vehumet accepts your kill.
Unknown command.
Unknown command.
You hit Grum but do no damage.
Grum is poisoned.
Grum is heavily wounded.
The acid dragon bites you! The acid dragon closely misses you.
The hornet zombie is engulfed in blazing flames.
The hornet zombie hits you!
An orc comes into view. It is wielding a +0 hand axe.
Unknown command.
Unknown command.
Unknown command.
You hit Grum.
Grum is heavily wounded.
Grum is engulfed in blazing flames.
The hornet zombie is engulfed in blazing flames.
You block the hornet zombie's attack. The acid dragon spits acid at you.
The splash of acid hits you!
* * * LOW HITPOINT WARNING * * *
You are splashed with acid!
You die...

.... ........≈≈
.... ........o≈
...##.........
............
#........
#.#......#
#....og..# ..
..#..##§Z..#....
.......@§.......
........D.......
......###.....$.
#..... .......
...... .......
###.. ..##...
... ... ... ...
.... ..


You could see Grum (confused, poisoned), an acid dragon (catching breath), an
orc wizard (invisible), an orc and a hornet zombie.

Vanquished Creatures
  A boulder beetle (D:6)
  Pikel (D:5)
  Edmund (D:5)
  2 water moccasins
  2 orc warriors (D:7)
  4 ice beasts
  A sky beast (D:7)
  2 black bears
  A necrophage (D:5)
  2 wolves (D:8)
  2 centaurs
  4 ogres
  2 phantoms
  A kobold brigand (D:6)
  2 lemures (D:5)
  A bullfrog (D:7)
  2 water moccasin zombies
  A scorpion (D:6)
  4 killer bees (D:7)
  3 wights (D:7)
  A howler monkey (D:5)
  4 hounds
  A jelly (D:4)
  5 orc priests
  A bullfrog skeleton (D:4)
  Crazy Yiuf (D:4)
  A centaur skeleton (D:7)
  7 orc wizards
  An iguana (D:5)
  A hound zombie (D:5)
  3 gnolls (D:4)
  5 adders
  A shadow imp (D:6)
  An ufetubus (D:5)
  2 worms
  2 dart slugs
  24 orcs
  11 ball pythons
  4 endoplasms
  3 giant cockroaches
  7 goblins
  9 hobgoblins
  7 jackals
  4 quokkas
  9 bats
  4 frilled lizards
  6 kobolds
  6 rats
170 creatures vanquished.

Vanquished Creatures (collateral kills)
  An orc (D:7)
1 creature vanquished.

Vanquished Creatures (others)
  An orc priest (D:4)
1 creature vanquished.

Grand Total: 172 creatures vanquished

Notes
Turn   | Place    | Note
-------+----------+-------------------------------------------
     0 | D:1      | pokeman the Deep Elf Hedge Wizard began the quest for the
                  | Orb.
     0 | D:1      | Reached XP level 1. HP: 10/10 MP: 7/7
   391 | D:1      | Reached XP level 2. HP: 16/16 MP: 7/9
  1505 | D:2      | Reached skill level 5 in Spellcasting
  1545 | D:2      | Reached XP level 3. HP: 20/20 MP: 1/11
  1549 | D:2      | Learned a level 3 spell: Mephitic Cloud
  1552 | D:2      | Learned a level 2 spell: Call Imp
  1557 | D:2      | Learned a level 2 spell: Blink
  1561 | D:2      | Learned a level 3 spell: Conjure Flame
  1842 | D:2      | Reached skill level 1 in Fighting
  2129 | D:2      | Reached skill level 1 in Armour
  2441 | D:2      | Found a faded altar of an unknown god.
  2442 | D:2      | Noticed a shining eye
  2447 | D:2      | Noticed a golden eye
  2451 | D:2      | Noticed an eye of devastation
  2451 | D:2      | Noticed an eye of devastation
  2543 | D:3      | Reached XP level 4. HP: 25/25 MP: 5/13
  2904 | D:3      | Found a broken altar of Ashenzari.
  2914 | D:3      | Found a hide-covered altar of Uskayaw.
  3005 | D:3      | Found Rela's Distillery.
  3008 | D:3      | Bought a potion of degeneration for 14 gold pieces
  3220 | D:3      | Found a shimmering blue altar of Sif Muna.
  3227 | D:3      | Found a hazy altar of Hepliaklqana.
  3728 | D:4      | Found Peag Ycw's Jewellery Emporium.
  3749 | D:4      | Reached skill level 1 in Fire Magic
  3759 | D:4      | Reached skill level 6 in Spellcasting
  3759 | D:4      | Reached XP level 5. HP: 17/29 MP: 2/15
  4225 | D:4      | Reached skill level 1 in Air Magic
  4410 | D:4      | Found an ornate altar of the Wu Jian Council.
  4556 | D:4      | Found a runed translucent door.
  4557 | D:4      | Noticed Crazy Yiuf
  4633 | D:4      | Found an opulent altar of Gozag.
  4657 | D:4      | Noticed an ogre
  4665 | D:4      | Killed an ogre
  4666 | D:4      | Reached XP level 6. HP: 34/34 MP: 9/17
  4856 | D:4      | Reached skill level 7 in Spellcasting
  4856 | D:4      | Reached skill level 1 in Poison Magic
  5144 | D:4      | Killed Crazy Yiuf
  5259 | D:5      | Entered Level 5 of the Dungeon
  5326 | D:5      | Reached skill level 1 in Evocations
  5676 | D:5      | Noticed Pikel
  5681 | D:5      | Noticed Edmund
  5698 | D:5      | Killed Edmund
  5699 | D:5      | Reached skill level 8 in Spellcasting
  5699 | D:5      | Reached XP level 7. HP: 34/39 MP: 2/20
  5710 | D:5      | Killed Pikel
  5711 | D:5      | Reached skill level 9 in Spellcasting
  5711 | D:5      | Reached XP level 8. HP: 38/45 MP: 1/23
  5961 | D:5      | Learned a level 7 spell: Orb of Destruction
  6233 | D:5      | Reached skill level 5 in Conjurations
  6275 | D:5      | Noticed a gargoyle
  6555 | D:5      | Reached skill level 10 in Spellcasting
  7207 | D:6      | Reached skill level 11 in Spellcasting
  7506 | D:6      | Reached XP level 9. HP: 52/52 MP: 20/26
  7999 | D:6      | Noticed a boulder beetle
  8137 | D:6      | Killed a boulder beetle
  8138 | D:6      | Reached skill level 12 in Spellcasting
  8712 | D:7      | Reached skill level 5 in Fighting
  9019 | D:7      | Found a staircase to the Ecumenical Temple.
  9030 | Temple   | Entered the Ecumenical Temple
  9088 | Temple   | Became a worshipper of Vehumet
  9203 | D:7      | Reached skill level 13 in Spellcasting
  9464 | D:7      | Identified the amulet "Luujailia" {Acrobat Dex+3}
  9486 | D:7      | Reached XP level 10. HP: 46/59 MP: 15/29
  9591 | D:7      | Found an ancient bone altar of Kikubaaqudgha.
 10345 | D:8      | Noticed Grum
 10363 | D:8      | Splashed by an acid dragon's acid

Illustrated notes

Levels and vault maps discovered:
D:1:      dpeg_arrival_renting, layout_loops_corners, corexii_corridor_pit,
          ebering_dispersal_statue_hall, minmay_misc_feat_diagonals
D:2:      layout_basic, hellmonk_ecumenical_altar_watching_god, minivault_14,
          minmay_tree_intersection
D:3:      layout_loops_ring, mainiacjoe_overflow_cross_hatched, minitemple,
          serial_shops, nicolae_shop_behind_doors, grunt_ministairs_7
D:4:      layout_gridville, lemuel_tele_altar, mainiacjoe_overflow_paths,
          serial_shops, shop, minmay_increasing_density, uniq_crazy_yiuf_cottage
D:5:      layout_loops_corners, uniq_pikel, uniq_edmund
D:6:      layout_basic, minmay_quadrilaterals
D:7:      layout_basic, kiku_gazebo_pond_becter, temple_pool_b,
          corexii_hall_statues_s
D:8:      layout_cave_pools, minivault_5, serial_park_tiny_pond, uniq_grum
Temple:   minmay_temple_curvy_loop

Skill      XL: |  1  2  3  4  5  6  7  8  9 10 |
---------------+-------------------------------+-----
Spellcasting   | 5 6 8 9 11 13 | 13.5
Fighting       | 1 2 4 5 |  5.0
Conjurations   | 2 3 4 6 7 8 |  8.0
Armour         | 1 2 |  2.3
Fire Magic     | 1 |  1.0
Dodging        | 3 |  3.0
Air Magic      | 1 |  1.1
Stealth        | 3 |  3.1
Poison Magic   | 1 |  1.0
Evocations     | 1 |  1.0
Summonings     | |  1.1
Translocations | |  1.1

Action                   |  1- 3 |  4- 6 |  7- 9 | 10-12 || total
-------------------------+-------+-------+-------+-------++-------
Melee: Dagger            |     5 |    47 |    84 |    14 ||   150
 Fire: Shortbow          |       |       |    16 |       ||    16
 Cast: Magic Dart        |   115 |   109 |   162 |    37 ||   423
       Mephitic Cloud    |     1 |     8 |    15 |     6 ||    30
       Conjure Flame     |       |     5 |    24 |     5 ||    34
       Blink             |       |     2 |     3 |       ||     5
       Call Imp          |       |     1 |     2 |     3 ||     6
 Stab: Confused          |     1 |     1 |     9 |       ||    11
Armor: Robe              |     3 |       |       |       ||     3
       Leather armour    |       |     7 |    14 |     4 ||    25
Dodge: Dodged            |     7 |    37 |    38 |    14 ||    96
Block: Other             |     2 |    20 |    12 |     6 ||    40
       Reflection        |     1 |     2 |     2 |       ||     5

Table legend: (Time is in decaauts)
 A = Elapsed time spent in this place.
 B = Non-inter-level travel time spent in this place.
 C = Inter-level travel time spent in this place.
 D = Time resting spent in this place.
 E = Time spent auto-exploring this place.
 F = Levels seen in this place.
 G = Mean time per level.
                   A        B        C        D        E       F      G
               +--------+--------+--------+--------+--------+-----+--------+
         Total |  10375 |  10087 |    288 |    416 |   8282 |   9 | 1152.8 |
       Dungeon |  10267 |  10028 |    239 |    416 |   8229 |   8 | 1283.4 |
        Temple |    108 |     59 |     49 |      0 |     53 |   1 |  108.0 |
               +--------+--------+--------+--------+--------+-----+--------+

Top non-repeatable levels by time:
     D:7: 1839 daAuts
     D:4: 1620 daAuts
     D:5: 1582 daAuts
     D:6: 1556 daAuts
     D:1: 1458 daAuts
     D:3: 1158 daAuts
     D:2: 1033 daAuts
  Temple: 108 daAuts
     D:8: 17 daAuts
